 Dungeon Crawl Stone Soup version 0.25.1-2-g60ff931df9 (webtiles) character file.

Game seed: 8420110459197185110

91 raphialitos the Grave Robber (level 4, -1/30 HPs)
             Began as a Mummy Necromancer on Oct 14, 2020.
             Slain by Sigmund
             ... wielding a +0 scythe of venom
              (13 damage)
             ... on level 2 of the Dungeon.
             The game lasted 00:13:34 (2315 turns).

raphialitos the Grave Robber (Mummy Necromancer)    Turns: 2315, Time: 00:13:35

Health: -1/30      AC:  2    Str: 11    XL:     4   Next: 34%
Magic:  19/19      EV: 12    Int: 15    God:
Gold:   102        SH:  0    Dex: 18    Spells: 2/11 levels left

rFire    x . .     SeeInvis .   c - +3 short sword (protect)
rCold    + . .     Gourm    .   (no shield)
rNeg     + + +     Faith    .   a - +0 robe
rPois    ∞         Spirit   .   (no helmet)
rElec    .         Reflect  .   (no cloak)
rCorr    .         Harm     .   (no gloves)
MR       .....                  (no boots)
Stlth    ++........             (no amulet)
HPRegen  0.10/turn              e - ring of magical power
MPRegen  0.16/turn              d - +6 ring of dexterity

@: no status effects
A: no food or potions, fire vulnerability, cold resistance 1, negative energy
resistance 3, torment resistance, unbreathing
a: no special abilities


You were on level 2 of the Dungeon.
You were not hungry.

You visited 1 branch of the dungeon, and saw 2 of its levels.

You collected 102 gold pieces.

Inventory:

Hand Weapons
 c - a +3 short sword of protection (weapon)
Missiles
 b - 11 poisoned darts (quivered)
 g - 25 arrows
Armour
 a - a +0 robe (worn)
Jewellery
 d - a +6 ring of dexterity (right hand)
 e - a ring of magical power (left hand)
Scrolls
 f - a scroll of identify {unknown}


   Skills:
 + Level 0.1 Fighting
 + Level 0.1 Short Blades
 + Level 1.6 Dodging
 + Level 2.1 Stealth
 + Level 0.1 Unarmed Combat
 + Level 4.0 Spellcasting
 + Level 4.8 Necromancy


You had 2 spell levels left.
You knew the following spells:

 Your Spells              Type           Power        Failure   Level  Hunger
a - Pain                  Necr           ###.         2%          1    N/A
b - Animate Skeleton      Necr           N/A          2%          1    N/A
c - Vampiric Draining     Necr           ###.......   8%          3    N/A
d - Animate Dead          Necr           N/A          24%         4    N/A

Your spell library contained the following spells:

 Spells                   Type           Power        Failure   Level  Hunger
 Agony                    Necr           ###.....     56%         5    N/A

Dungeon Overview and Level Annotations

Branches:
Dungeon (2/15)

Altars:

Annotations:
D:2 Sigmund


Innate Abilities, Weirdness & Mutations

You do not eat or drink.
Your flesh is vulnerable to fire.
You are immune to poison.
Your flesh is cold resistant. (rC+)
You are immune to negative energy. (rN+++)
You are immune to unholy pain and torment.
You can survive without breathing.


Message History

Sigmund resists with significant effort.
Sigmund casts a spell.
Sigmund flickers and vanishes!
Deactivating autopickup; reactivate with Ctrl-A.
Something hits you.
You miss something. You hit something.
Your weapon exudes an aura of protection.
Something hits you.
You hit something. Something hits you.
You hit something. Something hits you but does no damage.
You hit something.
Casting: Pain (safe; 2% risk of failure)
Confirm with . or Enter, or press ? or * to list all spells.
You can't see any susceptible monsters within range! (Use Z to cast anyway.)
You miss something. Something hits you.
You closely miss something. Something hits you!
You miss something. Something hits you!
You die...

# #.### .# #.... ###.## ##### ###
.....# #.. ..... #.###... #
#...{# #. #.## #.####....# #..
.... # #.#.##.@Z.### #.# #.# ..
#. #.#.........).......# #.# ..
#.##.#.#.###...#######.# #.#
.####.....%..# ##### #.# #.##
....##.#.#.#.#############.###..%
....##.#........................)
....##.......#############.###.##
....##.....................# #.#
.............#############.# #.#


You could see a friendly bat zombie.

Vanquished Creatures
  2 adders (D:2)
  An ooze (D:2)
  A worm (D:2)
  A giant cockroach (D:2)
  5 goblins
  9 hobgoblins
  A quokka (D:2)
  11 bats
  A frilled lizard (D:2)
  5 kobolds
  5 rats
42 creatures vanquished.

Vanquished Creatures (collateral kills)
  Terence (D:2)
  An ooze (D:1)
  2 bats (D:1)
  A hobgoblin (D:1)
  A kobold (D:1)
6 creatures vanquished.

Grand Total: 48 creatures vanquished

Notes
Turn   | Place    | Note
-------+----------+-------------------------------------------
     0 | D:1      | raphialitos the Mummy Necromancer began the quest for the
                  | Orb.
     0 | D:1      | Reached XP level 1. HP: 13/13 MP: 4/4
     2 | D:1      | Learned a level 1 spell: Animate Skeleton
   108 | D:1      | Reached XP level 2. HP: 10/19 MP: 3/6
   874 | D:1      | Reached XP level 3. HP: 10/24 MP: 7/7
   879 | D:1      | Learned a level 3 spell: Vampiric Draining
  1691 | D:2      | Noticed Terence
  1718 | D:2      | Killed Terence
  1800 | D:2      | Reached XP level 4. HP: 28/30 MP: 9/9
  1946 | D:2      | Learned a level 4 spell: Animate Dead
  2300 | D:2      | Noticed Sigmund
  2315 | D:2      | Slain by Sigmund

Illustrated notes

Levels and vault maps discovered:
D:1:      minmay_arrival_four_circles, layout_basic
D:2:      layout_basic, chequers_arboretum, uniq_terence, uniq_sigmund

Skill      XL: |  1  2  3  4 |
---------------+-------------+-----
Spellcasting   | 3 4 |  4.0
Stealth        | 2 |  2.1
Fighting       | |  0.1
Short Blades   | |  0.1
Dodging        | |  1.6
Unarmed Combat | |  0.1
Necromancy     | |  4.8

Action                   |  1- 3 |  4- 6 || total
-------------------------+-------+-------++-------
Melee: Unarmed           |    12 |       ||    12
       Short sword       |    38 |    28 ||    66
 Cast: Pain              |    43 |    10 ||    53
       Animate Skeleton  |    16 |     3 ||    19
       Vampiric Draining |     1 |       ||     1
       Animate Dead      |       |     4 ||     4
  Use: Scroll            |     3 |       ||     3
 Stab: Sleeping          |     2 |       ||     2
Armor: Robe              |    19 |     3 ||    22
Dodge: Dodged            |    57 |     8 ||    65
